 Dungeon Crawl Stone Soup version 0.17-a0-1748-g222fba8 (webtiles) character file.

204 shakdrar the Insei (level 5, -7/30 HPs)
             Began as a Vine Stalker Monk on Sept 1, 2015.
             Killed by nerve-wracking pain
             ... invoked by an orc priest
              (8 damage)
             ... on level 3 of the Dungeon.
             The game lasted 00:10:34 (2310 turns).

shakdrar the Insei (Vine Stalker Monk)              Turns: 2310, Time: 00:10:34

Health: -7/30      AC:  4    Str: 13    XL:     5   Next: 82%
Magic:  0/6        EV: 14    Int: 10    God:
Gold:   204        SH:  0    Dex: 18    Spells: 0 memorised, 4 levels left

rFire  . . .     SeeInvis .       - Unarmed
rCold  . . .     Clarity  .     a - +2 robe
rNeg   . . .     SustAt   .     (no shield)
rPois  .         Gourm    .     (no helmet)
rElec  .         Spirit   +     (no cloak)
rCorr  .         Warding  .     (no gloves)
rMut   .         Stasis   .     (no boots)
MR     .....                    (no amulet)
Stlth  +++.......               (no ring)
                                (no ring)

@: not resistant to hostile enchantments, fairly stealthy
A: fangs 2, regeneration 1, robust 1, magic shield, antimagic bite, no device
heal 3, rot immunity
a: no special abilities


You were on level 3 of the Dungeon.
You were not hungry.

You visited 1 branch of the dungeon, and saw 3 of its levels.

You collected 204 gold pieces.

Inventory:

Armour
 a - a +2 robe (worn)
Jewellery
 f - an uncursed amulet of rage
Scrolls
 d - 4 scrolls of identify
Potions
 e - 2 potions of curing
Comestibles
 b - a bread ration
 c - 2 meat rations


   Skills:
 + Level 3.4 Fighting
 + Level 3.3 Dodging
 + Level 4.5 Stealth
 + Level 4.8 Unarmed Combat


You had 4 spell levels left.
You didn't know any spells.

Dungeon Overview and Level Annotations

Branches:
Dungeon (3/15)

Altars:

Annotations:
D:1 1 runed door


Innate Abilities, Weirdness & Mutations

You have extremely sharp teeth.
Your natural rate of healing is unusually fast.
When hurt, damage is shared between your health and your magic reserves.
Your bite disrupts and absorbs the magic of your enemies.
Potions and wands cannot restore your health.
You are immune to rotting.
You are robust (+10% HP).


Message History

You barely miss the orc priest.
You bite the orc priest, but do no damage.
The orc priest is severely wounded.
The orc priest mumbles some strange prayers to Beogh against you.
Something smites you!
* * * LOW HITPOINT WARNING * * *
The orc wizard hits you but does no damage.
You hit the orc priest but do no damage.
Your bite misses the orc priest.
The orc priest is severely wounded.
The orc priest invokes the aid of Beogh against you.
Pain shoots through your body!
* * * LOW HITPOINT WARNING * * *
The orc wizard misses you.
You hit the orc priest but do no damage.
Your punch misses the orc priest.
The orc priest is severely wounded.
The orc priest calls down the wrath of Beogh upon you.
Pain shoots through your body!
You die...

..รท.######.# #.+
............####.#
.................########.
.................#........
........##................
........##.#.#......o....o
...#######.#....o.....oo..
...# #........oo########.
..#####.......##@#
...............#.#
.............#.#.#
((.........###...#
.......#...####....
.(.....#.............
##.....#.............
##.....#.)......>....
.......#.............


You could see an orc priest, an orc wizard and an orc.

Vanquished Creatures
  An orc wizard (D:3)
  4 gnolls (D:2)
  7 adders
  An ooze (D:2)
  7 orcs (D:3)
  5 giant cockroaches
  7 hobgoblins
  2 quokkas
  7 bats
  A giant gecko (D:1)
  2 giant newts (D:1)
  5 goblins
  4 jackals (D:2)
  10 kobolds
  8 rats
71 creatures vanquished.

Notes
Turn   | Place    | Note
--------------------------------------------------------------
     0 | D:1      | shakdrar the Vine Stalker Monk began the quest for the Orb.
     0 | D:1      | Reached XP level 1. HP: 11/11 MP: 2/2
     4 | D:1      | Found a runed door.
   192 | D:1      | Reached XP level 2. HP: 11/16 MP: 3/3
   339 | D:1      | Reached XP level 3. HP: 7/20 MP: 2/4
   992 | D:2      | Reached XP level 4. HP: 19/24 MP: 3/5
  1010 | D:2      | HP: 1/24 [gnoll/spear (6)]
  1376 | D:2      | Reached XP level 5. HP: 26/28 MP: 6/6
  1840 | D:3      | Gained mutation: You are robust (+10% HP). [potion of beneficial mutation]
  2309 | D:3      | HP: 1/30 [orc priest/nerve-wracking pain (2)]
  2310 | D:3      | Killed from afar by an orc priest

Vault maps used:
D:1:      dpeg_arrival_caged_fury

Action                   |  1- 3 |  4- 6 || total
-------------------------+-------+-------++-------
Melee: Unarmed           |    96 |   127 ||   223
  Use: Potion            |     6 |     5 ||    11
       Scroll            |     5 |     6 ||    11
 Stab: Sleeping          |     4 |     6 ||    10
       Distracted        |       |     1 ||     1
  Eat: Meat ration       |       |     1 ||     1
